 Dungeon Crawl Stone Soup version 0.30-a0-802-gb92711bcdf (webtiles) character file.

Game seed: 2501786776884022656

89 browni3141 the Vexing (level 4, -1/32 HPs)
             Began as a Human Enchanter on Feb 24, 2023.
             Killed by divine providence
             ... invoked by an orc priest
              (15 damage)
             ... on level 3 of the Dungeon.
             The game lasted 00:06:33 (1579 turns).

browni3141 the Vexing (Human Enchanter)             Turns: 1579, Time: 00:06:34

Health: -1/32      AC:  3    Str:  9    XL:     4   Next: 84%
Magic:  1/7        EV: 11    Int: 17    God:
Gold:   39         SH:  0    Dex: 13    Spells: 5/7 levels left

rFire   . . .      SeeInvis .    m - +2 mace (drain)
rCold   . . .      Faith    .    (no shield)
rNeg    . . .      Spirit   .    d - +0 leather armour
rPois   .          Reflect  .    (no helmet)
rElec   .          Harm     .    (no cloak)
rCorr   .          Rampage  .    (no gloves)
Will    .....                    (no boots)
Stlth   ++                       (no amulet)
HPRegen 0.25/turn                (no ring)
MPRegen 0.10/turn                (no ring)

@: no status effects
A: no striking features
a: no special abilities


You were on level 3 of the Dungeon.
You visited 1 branch of the dungeon, and saw 3 of its levels.

You collected 39 gold pieces.

Inventory:

Hand Weapons
 a - a +1 dagger
 f - a +0 spear
 m - a +2 mace of draining (weapon)
Missiles
 j - 6 stones
Armour
 b - a +0 robe
 d - a +0 leather armour (worn)
Magical Staves
 e - a staff of earth
Scrolls
 i - a scroll of enchant armour {unknown}
Potions
 c - a potion of invisibility
 g - a potion of lignification
 h - 2 potions of cancellation {unknown}
 k - a potion of haste {unknown}
 l - a potion of resistance {unknown}


   Skills:
 - Level 1.0 Fighting
 - Level 1.0 Short Blades
 - Level 2.0 Maces & Flails
 - Level 2.0 Dodging
 - Level 3.0 Stealth
 - Level 2.0 Spellcasting
 - Level 3.0 Hexes
 * Level 2.9 Ice Magic


You had 5 spell levels left.
You knew the following spells:

 Your Spells              Type           Power      Damage    Failure   Level
a - Ensorcelled Hibernat  Hex/Ice        22%        N/A       12%         2

Your spell library contained the following spells:

 Spells                   Type           Power      Damage    Failure   Level
 Confusing Touch          Hex            12%        N/A       24%         3
 Tukima's Dance           Hex            12%        N/A       24%         3
 Dazzling Flash           Conj/Hex       12%        N/A       41%         3


Dungeon Overview and Level Annotations

Branches:
Dungeon (3/15)

Altars:


Message History

You feel sick. The adder barely misses you.
The adder resists with significant effort.
You feel sick. The adder bites you but does no damage.
The adder barely misses you.
Your magical contamination has completely faded away.
You sense an unholy aura.
m - a +2 mace of draining (weapon)
You hit the adder.
The adder is almost dead.
You feel sick. The adder barely misses you. The adder bites you.
You are more poisoned.
The adder poisons you!
You hit the adder.
You kill the adder!
You feel very sick.
You barely miss the quokka. You punch the quokka.
The quokka is lightly wounded.
You feel sick. The quokka closely misses you. The quokka bites you.
You miss the quokka.
The quokka is lightly wounded.
You feel sick. The quokka barely misses you. The quokka bites you.
You are too injured to fight recklessly!
You are too injured to fight recklessly!
You sock the quokka!
You kill the quokka!
You feel sick.
You hit the rat.
You kill the rat!
You feel sick.
You thump the rat!
You kill the rat!
You feel sick.
You are no longer poisoned.
An orc priest comes into view. It is wielding a +0 dagger.
The orc priest moves out of view.
Items here: ††††.
The orc priest shouts!
The orc priest mumbles some strange prayers to Beogh against you.
Beogh smites you!
You die...

*,*,,~~~~~~~,..#******,*
*,*,*~~~~~~~*..#,,,,,*,*
*,*,,.~~~~~.,..#,#**,*,*
***,**,.#...#.,#.#.#
*,,,*
,,,,,,,.......##.#.#
*****
,,,,,,,............#
,,,,,,,......o.#.#**
,,,,,,,..........#
****,,,........#@#
*,,,......r.#†#
****,,,........#)#
..*#..........##.#
#.##........##*#.#
.........#######.#
......b.** #.[[.#
.......,* #.####
.......######.#<.#


You could see an orc priest.

Vanquished Creatures
  2 orc wizards
  An adder (D:3)
  A dart slug (D:1)
  2 orcs (D:3)
  2 ball pythons
  2 endoplasms (D:1)
  A giant cockroach (D:1)
  3 goblins
  2 hobgoblins (D:1)
  2 kobolds (D:1)
  2 quokkas
  2 bats
  2 frilled lizards
  2 rats (D:3)
26 creatures vanquished.

Notes
Turn   | Place    | Note
-------+----------+-------------------------------------------
     0 | D:1      | browni3141 the Human Enchanter began the quest for the Orb.
     0 | D:1      | Reached XP level 1. HP: 13/13 MP: 3/3
   201 | D:1      | Reached skill level 1 in Fighting
   404 | D:1      | Reached XP level 2. HP: 21/21 MP: 5/5
   417 | D:1      | Learned a level 2 spell: Ensorcelled Hibernation
   483 | D:1      | Reached skill level 1 in Ice Magic
  1225 | D:2      | You fall into a shaft and drop 1 floor!
  1257 | D:3      | Reached XP level 3. HP: 21/26 MP: 0/6
  1359 | D:3      | Reached skill level 1 in Maces & Flails
  1359 | D:3      | Reached XP level 4. HP: 16/32 MP: 4/7
  1579 | D:3      | Killed from afar by an orc priest

Illustrated notes

Levels and vault maps discovered:
D:1:      minmay_arrival_stair_chambers, layout_rooms
D:2:      layout_basic, ebering_ecumenical_altar_hall, hangedman_decor_points,
          nrook_loot_triangle
D:3:      layout_basic, cheibrodos_sewer_entry_drain

Skill      XL: |  1  2  3  4 |
---------------+-------------+-----
Fighting       | 1 |  1.0
Ice Magic      | 1 2 |  2.9
Maces & Flails | 1 2 |  2.0
Short Blades   | |  1.0
Dodging        | |  2.0
Stealth        | |  3.0
Spellcasting   | |  2.0
Hexes          | |  3.0

Action                     |  1- 3 |  4- 6 || total
---------------------------+-------+-------++-------
  Melee: Dagger            |    62 |    15 ||    77
         Mace              |    15 |     8 ||    23
         Punch             |       |     2 ||     2
  Throw: Stone             |    15 |       ||    15
   Cast: Ensorcelled Hiber |     9 |     6 ||    15
    Use: Scroll            |     3 |       ||     3
         Potion            |     1 |       ||     1
   Stab: Sleeping          |     6 |     2 ||     8
 Armour: Leather armour    |    25 |     7 ||    32
         Robe              |     1 |       ||     1
  Dodge: Dodged            |    41 |    25 ||    66

Table legend: (Time is in decaauts)
 A = Elapsed time spent in this place.
 B = Non-inter-level travel time spent in this place.
 C = Inter-level travel time spent in this place.
 D = Time resting spent in this place.
 E = Time spent auto-exploring this place.
 F = Levels seen in this place.
 G = Mean time per level.
                   A        B        C        D        E       F      G
               +--------+--------+--------+--------+--------+-----+--------+
         Total |   1585 |   1556 |     29 |    227 |    761 |   3 |  528.3 |
       Dungeon |   1585 |   1556 |     29 |    227 |    761 |   3 |  528.3 |
               +--------+--------+--------+--------+--------+-----+--------+

Top non-repeatable levels by time:
     D:1: 1222 daAuts
     D:3: 207 daAuts
     D:2: 155 daAuts
